 Dungeon Crawl Stone Soup version 0.29.0-4-gdea44cf6ec (webtiles) character file.

Game seed: 5662675799171898903

18 qw the Chopper (level 2, -13/24 HPs)
             Began as a Barachi Chaos Knight on Sept 4, 2022.
             Killed by nerve-wracking pain
             ... invoked by Jessica
              (14 damage)
             ... on level 2 of the Dungeon.
             The game lasted 00:00:30 (1083 turns).

qw the Chopper (Barachi Chaos Knight)               Turns: 1083, Time: 00:00:31

Health: -13/24     AC:  0    Str: 13    XL:     2   Next: 70%
Magic:  2/2        EV: 18    Int: 12    God:
Gold:   28         SH:  0    Dex: 16    Spells: 1/1 levels left

rFire   . . .      SeeInvis .   (weapon currently unavailable)
rCold   . . .      Faith    .   (shield currently unavailable)
rNeg    . . .      Spirit   .   (body armour currently unavailable)
rPois   .          Reflect  .   (helmet currently unavailable)
rElec   .          Harm     .   (cloak currently unavailable)
rCorr   .          Rampage  .   (gloves currently unavailable)
Will    .....                   (boots currently unavailable)
Stlth   +.........              (no amulet)
HPRegen 0.08/turn               (ring currently unavailable)
MPRegen 0.08/turn               (ring currently unavailable)

@: bat-form, flying, slowed, quick
A: fast, flying, no casting, (amphibious), tiny, (slowness 1), (strong legs 1),
+LOS
a: no special abilities


You were on level 2 of the Dungeon.
You were a bat.
You visited 1 branch of the dungeon, and saw 2 of its levels.

You collected 28 gold pieces.


Innate Abilities, Weirdness & Mutations

You are a bat.
You are tiny and dextrous.
You move quickly.
You are flying.
Your equipment is almost entirely melded.
You are incapable of wielding weapons or throwing items.
You cannot cast spells.
((You are amphibious.))
((You cover ground slowly.))
((You can hop short distances.))
You have an extended range of vision and can be seen from far away.


   Skills:
 - Level 3.6 Fighting
 + Level 4.3 Axes
 - Level 2.4 Armour
 - Level 1.1 Dodging


You had one spell level left.
You didn't know any spells.
Your spell library was empty.

Inventory:

Hand Weapons
 Y - a +0 hand axe of freezing (melded)
Armour
 k - a +0 ring mail (melded)
Scrolls
 f - a scroll of identify
Potions
 d - a potion of magic {unknown}
 j - a potion of mutation {unknown}
Miscellaneous
 c - a piece from Xom's chessboard (15/15)

Dungeon Overview and Level Annotations

Branches:
Dungeon (2/15)

Altars:

Annotations:
D:2 Jessica


Message History

You hit Jessica. You freeze Jessica.
Jessica is almost dead.
Jessica zaps a wand.
You turn into a bat.
Your +0 hand axe of freezing melds into your body.
Your +0 ring mail melds into your body.
Your +0 hand axe of freezing stops glowing.
You hit Jessica but do no damage.
Jessica is almost dead.
Jessica points at you and mumbles some strange words.
You feel yourself slow down.
You barely miss Jessica.
Jessica is almost dead.
Jessica completely misses you.
You hit Jessica but do no damage.
Jessica is almost dead.
Jessica closely misses you.
You hit Jessica.
Jessica is almost dead.
Jessica hits you with a +0 club. Jessica completely misses you.
You hit Jessica but do no damage.
Jessica is almost dead.
Jessica misses you.
You hit Jessica but do no damage.
Jessica is almost dead.
Jessica gestures wildly.
Jessica hits you with a +0 club! Jessica gestures at you while chanting.
You barely resist. You hit Jessica but do no damage.
Jessica is almost dead.
Jessica misses you.
You hit Jessica but do no damage.
Jessica is almost dead.
Jessica gestures at you while chanting. Pain shoots through your body!
Jessica gestures at you while chanting. Pain shoots through your body!
Ouch! That really hurt!
You die...
Xom giggles madly!

#.
##.###
#>...#
#....#
###....#
......#
#....#
#....#
#..b.#
#.@..#
######


You could see Jessica.

Vanquished Creatures
  2 endoplasms (D:1)
  A giant cockroach (D:1)
  A goblin (D:1)
  4 ball pythons (D:1)
  3 bats (D:1)
  A frilled lizard (D:1)
  4 kobolds (D:1)
  2 rats (D:1)
18 creatures vanquished.

Notes
Turn   | Place    | Note
-------+----------+-------------------------------------------
     0 | D:1      | qw the Barachi Chaos Knight began the quest for the Orb.
     0 | D:1      | Reached XP level 1. HP: 18/18 MP: 1/1
     0 | D:1      | 0 ||| qw: Version: 0.1-a-103-gd6f5d3a
     0 | D:1      | 0 ||| qw: Game counter: 5617
     0 | D:1      | 0 ||| qw: Always use a shield: true
     0 | D:1      | 0 ||| qw: God list: Okawaru
     0 | D:1      | 0 ||| qw: Allow faded altars: false
     0 | D:1      | 0 ||| qw: Do Orc after D:15 true
     0 | D:1      | 0 ||| qw: Do second Lair branch before Depths: true
     0 | D:1      | 0 ||| qw: Lair rune preference: random
     0 | D:1      | 0 ||| qw: Plans: Normal
     0 | D:1      | 0 ||| PLANNING D:1-11
     0 | D:1      | Fell from the grace of Xom
    79 | D:1      | 79 ||| Stepping ~*~*~tactically~*~*~ (stealth).
   317 | D:1      | Reached XP level 2. HP: 24/24 MP: 2/2
   362 | D:1      | Reached skill level 4 in Axes
   518 | D:1      | 518 ||| Stepping ~*~*~tactically~*~*~ (stealth).
   526 | D:1      | 526 ||| Stepping ~*~*~tactically~*~*~ (stealth).
   528 | D:1      | 528 ||| Stepping ~*~*~tactically~*~*~ (stealth).
  1038 | D:1      | 1038 ||| UPGRADING to +0 ring mail.
  1048 | D:1      | 1048 ||| DROPPING +2 leather armour.
  1049 | D:1      | 1049 ||| READING scroll labelled KANOSH UQANK.
  1050 | D:1      | 1050 ||| READING 2 scrolls labelled DAEXES NOSITZ.
  1051 | D:1      | 1051 ||| READING scroll labelled BEVIRH HAOKEFI.
  1052 | D:1      | 1052 ||| READING scroll labelled VAIDGH QUINIOCS.
  1053 | D:1      | 1053 ||| READING scroll labelled QESOEX GAERIS.
  1074 | D:2      | Noticed Jessica
  1083 | D:2      | HP: 1/24 [Jessica/nerve-wracking pain (10)]
  1083 | D:2      | Killed from afar by Jessica

Levels and vault maps discovered:
D:1:      dpeg_arrival_boxes_within_box, layout_loops_ring
D:2:      layout_rooms, uniq_jessica

Skill      XL: |  1  2 |
---------------+-------+-----
Axes           | 4 |  4.3
Fighting       | |  3.6
Armour         | |  2.4
Dodging        | |  1.1

Action                   || total
-------------------------++-------
Melee: Hand axe          ||    69
       Unarmed           ||     8
       Punch             ||     1
Invok: Renounce Religion ||     1
  Use: Scroll            ||     5
Armor: Leather armour    ||    30
Dodge: Dodged            ||    57

Table legend:
 A = Non-vault XP
 B = Vault XP
 C = Vault XP percentage of total XP
 D = Non-vault monster count
 E = Vault monster count
 F = Vault count percentage of total count
                 A         B        C        D         E       F
            +---------+---------+-------+---------+---------+-------
      Total |      27 |       0 |   0.0 |      18 |       0 |   0.0
            +---------+---------+-------+---------+---------+-------
        D:1 |      27 |       0 |   0.0 |      18 |       0 |   0.0
            +---------+---------+-------+---------+---------+-------
